Map: Ascension to Aiur LE

Players

ShowKhan - Winner!

  • Race: Terran Terran
  • League: Diamond
  • Spawn Location: 11:00

axu

  • Race: Protoss Protoss
  • League: Platinum
  • Spawn Location: 5:00

VOD

Have the link to the VOD?

Description

Time

  • Played on: Dec. 30, 2017, 7:30 a.m.
  • Length: 7:57
Show
View Real Time Build Order
Export as new Build Order

ShowKhan Terran - Winner!

Build Orders: Command Center First (CC), MMM Bio 

Get SALT Encoding   

  12  0:01  SCV  
  13  0:13  SCV  
  14  0:17  Supply Depot  
  14  0:25  SCV  
  15  0:39  SCV  
  16  0:51  SCV  
  17  1:02  Command Center  
  17  1:06  SCV  
  18  1:16  Barracks  
  18  1:19  SCV  
  19  1:31  SCV  
  20  1:33  Barracks  
  20  1:43  SCV  
  21  1:48  Barracks  
  21  1:55  SCV  
  22  2:04  Marine  
  23  2:14  Orbital Command  
  23  2:15  Orbital Command  
  23  2:18  Refinery  
  23  2:20  Marine  
  24  2:24  Refinery  
  24  2:26  Marine  
  25  2:39  Marine x2  
  25  2:42  SCV x2  
  29  2:46  Marine  
  30  2:56  SCV x2  
  30  2:57  Marine x2  
  34  3:00  Supply Depot  
  34  3:04  Marine  
  34  3:15  Marine x2  
  34  3:24  Marine  
  33  3:33  Marine x2  
  32  3:42  Marine  
  32  3:46  Bunker  
  32  3:48  SCV x2  
  33  3:50  Marine x2  
  34  4:11  SCV x2  
  34  4:14  Barracks Reactor, Barracks Tech Lab x2  
  33  4:23  SCV x2  
  35  4:27  Engineering Bay  
  35  4:28  Command Center  
  35  4:30  Factory  
  33  4:39  Marauder x2  
  33  4:40  Combat Shields  
  33  4:41  Stimpack  
  37  4:58  Marine  
  37  4:59  Marine  
  38  5:00  Marine  
  40  5:14  SCV x2  
  44  5:23  Terran Infantry Weapons Level 1  
  44  5:26  Factory Tech Lab, SCV x2  
  46  5:30  Marauder x2  
  46  5:36  Supply Depot  
  46  5:39  Supply Depot  
  46  5:40  Marine x2  
  46  5:42  Supply Depot  
  48  5:43  Orbital Command  
  48  5:52  Missile Turret  
  48  5:54  Marauder x2  
  52  5:58  Marine x2  
  52  6:02  Orbital Command  
  52  6:03  Concussive Shells  
  54  6:04  SCV x2  
  56  6:15  Refinery  
  56  6:16  SCV x2  
  56  6:25  Marine  
  56  6:26  Marauder x2, Marine  
  58  6:43  Marine x2  
  56  6:47  Marauder x2  
  58  7:00  SCV x3  
  61  7:01  Marine x2  
  63  7:08  Marauder  
  63  7:09  Marauder  
  63  7:12  SCV x3  
  63  7:15  Refinery  
  70  7:18  Supply Depot  
  70  7:19  Marine  
  71  7:24  Starport  
  71  7:32  Marine x3  
Show
View Real Time Build Order
Export as new Build Order

axu Protoss 

Build Orders:  

Get SALT Encoding   

  12  0:01  Probe  
  13  0:13  Probe  
  14  0:20  Pylon  
  14  0:27  Probe  
  15  0:40  Gateway, Probe  
  16  0:49  Assimilator  
  16  0:54  Probe  
  17  1:06  Probe  
  18  1:18  Gateway, Probe  
  19  1:28  Cybernetics Core  
  19  1:30  Probe  
  20  1:37  Assimilator  
  20  1:42  Probe  
  21  1:49  Pylon  
  21  1:54  Probe  
  22  2:06  Stalker (Chrono Boost)  
  22  2:07  Stalker (Chrono Boost), Probe  
  23  2:10  Warp Gate (Chrono Boost)  
  27  2:18  Pylon  
  27  2:38  Stalker x2  
  27  2:40  Probe  
  32  2:52  Probe  
  33  3:11  Nexus  
  33  3:26  Stalker x2  
  31  4:17  Pylon  
  31  4:22  Gateway  
  31  4:24  Gateway  
  31  4:45  Stalker x2  
  31  5:00  Probe  
  32  5:10  Pylon  
  32  5:12  Probe  
  31  5:16  Probe  
  31  5:17  Robotics Facility  
  32  5:24  Probe  
  32  5:25  Stalker  
  32  5:26  Stalker  
  32  5:28  Stalker, Probe  
  38  5:29  Stalker  
  42  5:36  Probe  
  42  5:38  Twilight Council  
  42  5:40  Probe  
  44  5:48  Probe  
  44  5:49  Stalker  
  47  5:50  Stalker  
  47  5:51  Stalker  
  47  5:52  Probe  
  47  5:54  Stalker  
  54  6:01  Probe  
  54  6:03  Assimilator  
  55  6:04  Probe  
  55  6:08  Assimilator  
  54  6:28  Stalker x2  
  54  6:29  Stalker x2  
  36  7:01  Templar Archives  
  36  7:05  Stalker x3  
  41  7:17  Probe x2  
  43  7:29  Probe x2  
  45  7:33  Nexus  
  45  7:37  Pylon  
  45  7:41  High Templar, Probe x2  
Tags
 
Add a new tag
Caveats
  • Supply blocks, unpowered buildings, or Contaminate may cause inaccurate times.
  • Supply counts are checked every 10 seconds.